 Dungeon Crawl Stone Soup version 0.29.1-15-g9cfb28693d (webtiles) character file.

Game seed: 15928780577065262362

9341 solar the Cleaver (level 11, -6/69 HPs)
             Began as a Gargoyle Fighter on Apr 27, 2023.
             Was an Initiate of Okawaru.
             Mangled by an ogre
             ... wielding a +0 giant club
             ... led by Lodul
              (20 damage)
             ... on level 10 of the Dungeon.
             The game lasted 00:34:51 (10719 turns).

solar the Cleaver (Gargoyle Fighter)               Turns: 10719, Time: 00:34:52

Health: -6/69      AC: 24    Str: 30    XL:     11   Next: 45%
Magic:  16/16      EV:  9    Int:  9    God:    Okawaru [......]
Gold:   494        SH:  0    Dex:  9    Spells: 10/10 levels left

rFire   . . .      SeeInvis .   b - +1 battleaxe
rCold   . . .      Faith    .   (shield currently unavailable)
rNeg    + . .      Spirit   .   j - +1 chain mail "Etopn" {+Blink Slay+3}
rPois   ∞          Reflect  .   n - +0 helmet
rElec   +          Harm     .   q - +0 cloak
rCorr   .          Rampage  .   (no gloves)
Will    .....                   M - +0 pair of boots
Stlth   ..........              E - amulet of the acrobat
HPRegen 0.21/turn               K - ring of flight
MPRegen 0.15/turn               N - +6 ring of strength

@: flying, studying Translocations
A: sickness immunity, AC +8, negative energy resistance 1, electricity
resistance, torment resistance 1, petrification resistance
a: Renounce Religion, Evoke Blink


You were on level 10 of the Dungeon.
You worshipped Okawaru.
Okawaru was noncommittal.
You visited 2 branches of the dungeon, and saw 11 of its levels.

You collected 541 gold pieces.
You spent 47 gold pieces at shops.

Inventory:

Hand Weapons
 a - a +0 war axe
 b - a +1 battleaxe (weapon)
 y - a +3 quarterstaff of chaos
Armour
 c - a +0 buckler
 j - the +1 chain mail "Etopn" (worn) {+Blink Slay+3}
   (You found it on level 5 of the Dungeon)

   Slay:      It affects your accuracy & damage with ranged weapons and melee
   (+3).
   +Blink:    It lets you blink.
 n - a +0 helmet (worn)
 o - a +0 plate armour
 q - a +0 cloak (worn)
 x - a +3 leather armour of cold resistance
 M - a +0 pair of boots (worn)
Jewellery
 s - an amulet of magic regeneration
 E - an amulet of the acrobat (around neck)
 K - a ring of flight (left hand)
 N - a +6 ring of strength (right hand)
 Q - a ring of wizardry
Wands
 v - a wand of paralysis (1)
 w - a wand of flame (34)
 G - a wand of digging (1)
 R - a wand of polymorph (2)
Scrolls
 d - 3 scrolls of identify
 f - 4 scrolls of vulnerability
 g - 2 scrolls of fear
 i - 2 scrolls of butterflies
 k - 3 scrolls of enchant armour {unknown}
 p - 4 scrolls of teleportation {unknown}
 t - 6 scrolls of amnesia {unknown}
 u - a scroll of enchant weapon {unknown}
 A - 3 scrolls of immolation {unknown}
 B - a scroll of blinking {unknown}
 C - a scroll of summoning {unknown}
 D - a scroll of acquirement {unknown}
 F - 3 scrolls of noise {unknown}
 H - a scroll of poison {unknown}
 I - a scroll of torment {unknown}
 J - 3 scrolls of brand weapon {unknown}
Potions
 e - 2 potions of flight
 l - 6 potions of lignification
 m - 4 potions of curing
 r - a potion of magic
 z - a potion of mutation
 L - a potion of degeneration
 O - a potion of invisibility
 P - a potion of attraction {unknown}


   Skills:
 + Level 8.9 Fighting
 * Level 10.1 Axes
 + Level 8.5 Armour
 - Level 3.2 Shields
 + Level 7.2 Invocations
 + Level 6.0 Evocations


You had 10 spell levels left.
You didn't know any spells.
Your spell library contained the following spells:

 Spells                   Type           Power      Damage    Failure   Level
 Gell's Gravitas          Tloc           0%         N/A       99%         3
 Lesser Beckoning         Tloc           0%         N/A       99%         3
 Teleport Other           Tloc           0%         N/A       99%         3
 Iskenderun's Battlesphe  Conj           0%         2d6       100%        5
 Iron Shot                Conj/Erth      0%         9d1       100%        6
 Summon Small Mammal      Summ           Unusable   N/A       N/A         1
 Call Canine Familiar     Summ           Unusable   N/A       N/A         3
 Summon Guardian Golem    Hex/Summ       Unusable   N/A       N/A         3
 Spellforged Servitor     Conj/Summ      Unusable   N/A       N/A         7

Dungeon Overview and Level Annotations

Branches:
Dungeon (10/15)            Temple (1/1) D:7            Lair (0/5) D:9
    Orc: D:9-12

Altars:
Ashenzari
Cheibriados
Dithmenos
Elyvilon
Fedhas
Gozag
Hepliaklqana
Kikubaaqudgha
Makhleb
Nemelex Xobeh
Okawaru
Qazlal
Ru
Trog
Uskayaw
Vehumet
Wu Jian
Xom
Yredelemnul
Zin
The Shining One

Shops:
D:5 !   D:6 *   D:7 [   D:8 =


Innate Abilities, Weirdness & Mutations

You are immune to sickness and miasma.
Your stone body is resilient. (AC +8)
You are immune to poison.
You resist negative energy. (rN+)
You are resistant to electric shocks. (rElec)
You are resistant to unholy torment.
You are immune to petrification.


Message History

Lodul barely misses you.
You slice Lodul!!
Lodul is heavily wounded.
Lodul hits you with a +0 great mace!!
* * * LOW HITPOINT WARNING * * *
You closely miss Lodul.
Lodul is heavily wounded.
Lodul hits you with a +0 great mace.
* * * LOW HITPOINT WARNING * * *
You feel much better.
Okay, then.
You barely miss Lodul.
Lodul is heavily wounded.
Lodul barely misses you.
You slash Lodul!
Lodul is heavily wounded.
Lodul closely misses you.
You slash Lodul!
Lodul is severely wounded.
Lodul drinks a potion.
Lodul is healed!
You hit Lodul.
Lodul is severely wounded.
Lodul says, "I proud of my employees."
Lodul hits you with a +0 great mace!
* * * LOW HITPOINT WARNING * * *
You barely miss Lodul.
Lodul is severely wounded.
Lodul hits you with a +0 great mace!
* * * LOW HITPOINT WARNING * * *
You slash Lodul!
Lodul is almost dead.
Lodul zaps a wand.
The puff of flame hits you but does no damage.
You slice Lodul!!
You kill Lodul!
Okawaru accepts your kill.
Your Evocations skill increases to level 6!
You feel better.
The ogre hits you with a +0 giant club!!
You die...

####### #######
....... #.....#
:...... #.....#
.....(.####.....#
......OO@.......#
......)####.....#
....... #.....#
......< #.....#
....... #####.#
....... #.#
#.##### #.# ..
#.# #.#


You could see 2 ogres.

Vanquished Creatures
  A two-headed ogre (D:10)
  Lodul (D:10)
  Pikel (D:9)
  An ugly thing (D:8)
  Psyche (D:7)
  Maggie (D:7)
  A troll (D:9)
  Prince Ribbit (D:7)
  2 hornets
  A vampire (D:9)
  15 yaks
  An acid dragon (D:8)
  An orc warrior (D:8)
  2 black bears
  An ice beast (D:6)
  5 centaurs
  7 ogres
  3 lemures (D:9)
  A phantom (D:7)
  2 kobold brigands
  2 necrophages
  A scorpion (D:4)
  9 wights
  13 killer bees (D:9)
  3 howler monkeys
  A jelly (D:6)
  3 hounds
  An orc priest (D:8)
  Crazy Yiuf (D:3)
  A gnoll bouda (D:6)
  Ijyb (D:3)
  Jessica (D:2)
  Natasha (thrice) (D:2)
  5 iguanas
  5 orc wizards
  Robin (D:2)
  9 adders
  5 gnolls (D:6)
  A shadow imp (D:8)
  A white imp (D:6)
  2 ufetubi
  2 worms (D:4)
  5 dart slugs
  12 orcs
  13 bats
  7 endoplasms
  5 giant cockroaches
  14 goblins
  12 hobgoblins
  4 jackals
  4 quokkas
  7 ball pythons
  2 frilled lizards
  21 kobolds
  3 rats
229 creatures vanquished.

Vanquished Creatures (others)
  2 plants (D:3)
2 creatures vanquished.

Grand Total: 231 creatures vanquished

Notes
Turn   | Place    | Note
-------+----------+-------------------------------------------
     0 | D:1      | solar the Gargoyle Fighter began the quest for the Orb.
     0 | D:1      | Reached XP level 1. HP: 14/14 MP: 1/1
    64 | D:1      | Reached skill level 2 in Axes
   259 | D:1      | Reached XP level 2. HP: 15/19 MP: 2/2
   680 | D:1      | Reached XP level 3. HP: 20/24 MP: 3/3
  1143 | D:2      | Found a faded altar of an unknown god.
  1148 | D:2      | Reached skill level 3 in Axes
  1189 | D:2      | Noticed Robin
  1358 | D:3      | Reached XP level 4. HP: 25/29 MP: 4/4
  1365 | D:2      | Killed Robin
  1735 | D:2      | Noticed Natasha
  1745 | D:2      | Killed Natasha
  1746 | D:2      | Reached XP level 5. HP: 16/34 MP: 5/5
  1912 | D:2      | Noticed Natasha
  1925 | D:2      | Killed Natasha
  2070 | D:2      | Noticed Natasha
  2080 | D:2      | Reached skill level 4 in Axes
  2082 | D:2      | Killed Natasha
  2085 | D:2      | Found a glowing silver altar of Zin.
  2106 | D:2      | Noticed Jessica
  2122 | D:2      | Killed Jessica
  2229 | D:3      | Identified the +1 ring mail "Tazxum" {Drain rF++ Str+2
                  | Int-4}
  2239 | D:3      | Found a hazy altar of Hepliaklqana.
  2242 | D:3      | Noticed Ijyb
  2263 | D:3      | Killed Ijyb
  2264 | D:3      | Reached XP level 6. HP: 9/39 MP: 6/6
  2566 | D:3      | Found a runed translucent door.
  2567 | D:3      | Noticed Crazy Yiuf
  2577 | D:3      | Killed Crazy Yiuf
  3210 | D:3      | Found a glowing golden altar of the Shining One.
  3315 | D:4      | Reached skill level 5 in Fighting
  3315 | D:4      | Reached skill level 1 in Invocations
  3315 | D:4      | Reached skill level 1 in Evocations
  3449 | D:4      | Reached XP level 7. HP: 28/44 MP: 7/7
  3560 | D:4      | Found a hide-covered altar of Uskayaw.
  3741 | D:4      | Reached skill level 5 in Axes
  4509 | D:5      | Entered Level 5 of the Dungeon
  4516 | D:5      | Identified the +1 chain mail "Etopn" {+Blink Slay+3}
  4757 | D:5      | Found a burning altar of Makhleb.
  4927 | D:5      | Reached XP level 8. HP: 20/50 MP: 9/9
  5114 | D:5      | Found Luur's Distillery.
  5241 | D:5      | Reached skill level 5 in Armour
  5449 | D:6      | Reached skill level 6 in Axes
  5821 | D:6      | Found Onloum's CLEARANCE SALE!.
  5828 | D:6      | Bought a potion of degeneration for 5 gold pieces
  5828 | D:6      | Bought a +0 pair of boots for 22 gold pieces
  5828 | D:6      | Bought a scroll of butterflies for 20 gold pieces
  6146 | D:7      | Found Inezxuh's Armour Shoppe.
  6275 | D:7      | Noticed a hornet
  6293 | D:7      | Killed a hornet
  6294 | D:7      | Reached XP level 9. HP: 35/56 MP: 11/11
  6536 | D:7      | Reached skill level 7 in Axes
  6586 | D:7      | Noticed Maggie
  6588 | D:7      | Noticed Prince Ribbit
  6597 | D:7      | Killed Maggie
  6618 | D:7      | Killed Prince Ribbit
  6814 | D:7      | Found a staircase to the Ecumenical Temple.
  6824 | Temple   | Entered the Ecumenical Temple
  7202 | D:7      | Found a glowing silver altar of Zin.
  7437 | D:7      | Found an opulent altar of Gozag.
  7482 | D:8      | Noticed Psyche
  7493 | D:7      | Reached skill level 8 in Axes
  7493 | D:7      | Reached skill level 5 in Invocations
  7539 | D:7      | Reached XP level 10. HP: 59/63 MP: 13/13
  8028 | D:8      | Found Kihuc's Jewellery Emporium.
  8539 | D:8      | Noticed a brown ugly thing
  8550 | D:8      | Killed a brown ugly thing
  8762 | D:7      | Killed Psyche
  8876 | D:9      | Noticed Pikel
  8888 | D:9      | Killed Pikel
  8889 | D:9      | Reached skill level 9 in Axes
  8889 | D:9      | Reached skill level 5 in Evocations
  9497 | D:9      | Reached XP level 11. HP: 28/69 MP: 15/15
 10045 | D:9      | Found a staircase to the Lair.
 10442 | D:10     | Entered Level 10 of the Dungeon
 10443 | D:10     | Noticed a two-headed ogre
 10453 | D:10     | Killed a two-headed ogre
 10638 | D:10     | Found a sparkling altar of Nemelex Xobeh.
 10639 | D:10     | Found a shadowy altar of Dithmenos.
 10641 | D:10     | Found an iron altar of Okawaru.
 10646 | D:10     | Became a worshipper of Warmaster Okawaru
 10691 | D:10     | Noticed Lodul
 10701 | D:10     | Reached skill level 10 in Axes
 10718 | D:10     | Killed Lodul
 10719 | D:10     | Mangled by an ogre

Illustrated notes

Levels and vault maps discovered:
D:1:      lightli_arrival_isolated_outpost, layout_loops_ring
D:2:      layout_rooms, basic_altar, basic_ecumenical_altar, uniq_natasha,
          uniq_robin, uniq_jessica
D:3:      layout_basic, tso_altar, nicolae_hepliaklqana_hazy_memory,
          mrwooster_statue_mirror, minmay_divided_ellipse, uniq_ijyb,
          uniq_crazy_yiuf_cottage
D:4:      layout_basic, mainiacjoe_overflow_brackets
D:5:      layout_cave_pools, mainiacjoe_overflow_cross_hatched, serial_shops,
          nicolae_shop_crystal
D:6:      layout_gridville, nicolae_shop_clearance
D:7:      layout_cave_pools, pdpol_temple_overflow_zin_treasury_gozag_greed,
          minmay_temple_entry_ruins, serial_shops, shop, uniq_maggie,
          uniq_prince_ribbit1
D:8:      layout_rooms, serial_shops, nicolae_shop_hallway_stairs, uniq_psyche
D:9:      layout_long_grid, lair_entry_dummy, uniq_pikel
D:10:     layout_rooms, minitemple, lemuel_tele_altar, uniq_amaemon, uniq_lodul,
          uniq_nergalle
Temple:   nicolae_temple_bog_church

Skill      XL: |  1  2  3  4  5  6  7  8  9 10 11 |
---------------+----------------------------------+-----
Axes           | 2 3 4 5 6 8 9 10 | 10.1
Fighting       | 4 5 6 7 8 |  8.9
Armour         | 4 5 6 8 |  8.5
Invocations    | 1 2 3 5 6 7 |  7.2
Evocations     | 1 2 3 4 5 6 |  6.0
Shields        | |  3.2

Action                   |  1- 3 |  4- 6 |  7- 9 | 10-12 || total
-------------------------+-------+-------+-------+-------++-------
Melee: War axe           |   103 |   192 |   209 |       ||   504
       Battleaxe         |       |       |    50 |   176 ||   226
       Unarmed           |       |       |       |     2 ||     2
Evoke: Wand              |       |       |       |     4 ||     4
  Use: Scroll            |       |       |    11 |       ||    11
       Potion            |       |       |     3 |     7 ||    10
Armor: Scale mail        |    78 |    14 |       |       ||    92
       Plate armour      |       |   157 |    54 |       ||   211
       Skin              |       |     1 |       |       ||     1
       Chain mail        |       |       |   147 |   232 ||   379
Dodge: Dodged            |    60 |    57 |   138 |   163 ||   418
Block: Buckler           |    27 |    40 |    52 |       ||   119
